 Dungeon Crawl Stone Soup version 0.30.1 (webtiles) character file.

Game seed: 15392931422099624162

131814 Graphine the Spry (level 17, -1/154 HPs)
             Began as a Merfolk Gladiator on July 3, 2023.
             Was the Champion of Makhleb.
             Slain by a seven-headed hydra (8 damage)
             ... on level 4 of the Swamp.
             The game lasted 01:44:35 (25815 turns).

Graphine the Spry (Merfolk Gladiator)              Turns: 25815, Time: 01:44:35

Health: -1/154     AC: 10    Str: 17    XL:     17   Next: 11%
Magic:  30/30      EV: 41    Int:  3    God:    Makhleb [******]
Gold:   2555       SH: 15    Dex: 28    Spells: 25/25 levels left

rFire   + . .        V - +6 scimitar "Amiodi" {venom, rPois rC+}
rCold   . . .        H - +2 kite shield
rNeg    + . .        K - +0 steam dragon scales
rPois   +            t - +0 helmet "Veth" {Str+2 Dex+6}
rElec   +            U - +2 cloak
rCorr   .            D - +0 pair of gloves
SInv    +            X - melded +0 pair of boots
Will    +....        L - amulet of regeneration
Stlth   +++          i - +5 ring of evasion
HPRegen 1.25/turn    B - ring of Yhen {Fire rElec rPois rN+ Int-5 SInv}
MPRegen 0.22/turn

%: random rage (3%)
@: grasped by roots, constricted, studying Summonings, invisible, very quick
A: nimble swimmer 2, mertail, berserk 1, poison resistance, robust 1
a: Renounce Religion, Minor Destruction, Lesser Servant of Makhleb, Major
Destruction, Greater Servant of Makhleb


You were on level 4 of the Swamp.
You worshipped Makhleb.
Makhleb was exalted by your worship.
You visited 5 branches of the dungeon, and saw 28 of its levels.

You collected 3070 gold pieces.
You spent 515 gold pieces at shops.

Inventory:

Hand Weapons
 c - the +7 falchion "Agriw" {antimagic, Fly rElec Dex+3}
   (You bought it in a shop on level 2 of the Orcish Mines)

   Dex:       It affects your dexterity (+3).
   rElec:     It insulates you from electricity.
   Fly:       It grants you flight.
 C - the +5 dagger of the Riding Seeker {flame, rCorr Dex+4 SInv}
   (You found it on level 5 of the Lair of Beasts)

   Dex:       It affects your dexterity (+4).
   SInv:      It lets you see invisible.
   rCorr:     It protects you from acid and corrosion.
 G - a +9 long sword of protection
 V - the +6 scimitar "Amiodi" (weapon) {venom, rPois rC+}
   (You acquired it on level 2 of the Swamp)

   rC:        It protects you from cold.
   rPois:     It protects you from poison.
Missiles
 d - a throwing net
 h - 4 javelins
Armour
 t - the +0 helmet "Veth" (worn) {Str+2 Dex+6}
   (You bought it in a shop on level 2 of the Orcish Mines)

   Str:       It affects your strength (+2).
   Dex:       It affects your dexterity (+6).
 D - a +0 pair of gloves (worn)
 H - a +2 kite shield (worn)
 K - +0 steam dragon scales (worn)
 U - a +2 cloak (worn)
 X - a +0 pair of boots (melded)
Magical Staves
 Y - the staff of death "Usseyreff" {rF+ rN+ Str+3 Int+3 Dex+2}
   (You found it on level 3 of the Lair of Beasts)

   [staff of death]

   Base accuracy: +5 Base damage: 5 Base attack delay: 1.2 This weapon's minimum
   attack delay (0.6) is reached at skill level 12.
   Str:       It affects your strength (+3).
   Int:       It affects your intelligence (+3).
   Dex:       It affects your dexterity (+2).
   rF:        It protects you from fire.
   rN:        It protects you from negative energy.
   It falls into the 'Staves' category.
   It is a one-handed weapon.
Jewellery
 f - a ring of protection from fire
 i - a +5 ring of evasion (left hand)
 m - a +4 ring of protection
 q - a +5 ring of evasion
 w - a ring of protection from cold
 B - the ring of Yhen (right hand) {Fire rElec rPois rN+ Int-5 SInv}
   (You found it on level 2 of the Swamp)

   [ring of fire]

   It enhances your fire magic.
   Int:       It affects your intelligence (-5).
   rF:        It protects you from fire.
   rC:        It makes you vulnerable to cold.
   rElec:     It insulates you from electricity.
   rPois:     It protects you from poison.
   rN:        It protects you from negative energy.
   SInv:      It lets you see invisible.
 L - an amulet of regeneration (around neck)
 P - the ring of Nyubezop {rPois rC- Will+ SInv}
   (You found it on level 11 of the Dungeon)

   [ring of see invisible]

   rC:        It makes you vulnerable to cold.
   rPois:     It protects you from poison.
   SInv:      It lets you see invisible.
   Will:      It increases your willpower.
 Q - an amulet of reflection
Wands
 x - a wand of roots (25)
 F - a wand of polymorph (21)
 R - a wand of charming (23)
 S - a wand of flame (11)
 W - a wand of digging (13)
Scrolls
 a - a scroll of summoning
 b - 4 scrolls of magic mapping
 g - 8 scrolls of teleportation
 A - 2 scrolls of fog
 E - 3 scrolls of fear
 I - 2 scrolls of silence
 O - a scroll of poison
Potions
 e - 12 potions of attraction
 j - 3 potions of resistance
 k - 4 potions of might
 l - 3 potions of magic
 n - 2 potions of brilliance
 o - 3 potions of ambrosia
 p - 4 potions of flight
 r - 9 potions of haste
 u - 3 potions of lignification
 v - 5 potions of curing
 z - a potion of invisibility
 M - 3 potions of cancellation
 Z - 3 potions of berserk rage
Miscellaneous
 s - a phial of floods
 N - a phantom mirror
 T - a condenser vane


   Skills:
 + Level 14.4 Fighting
 - Level 14.0 Long Blades
 - Level 2.8 Throwing
 - Level 19.0 Dodging
 - Level 8.1 Shields
 * Level 4.5 Spellcasting
 * Level 6.7 Transmutations
 * Level 4.1 Earth Magic
 * Level 18.3 Invocations


You had 25 spell levels left.
You didn't know any spells.
Your spell library contained the following spells:

 Spells                   Type           Power      Damage    Failure   Level
 Kiss of Death            Conj/Necr      0%         2d5       65%         1
 Necrotise                Necr           0%         1d4       65%         1
 Summon Small Mammal      Summ           0%         N/A       65%         1
 Ignite Poison            Fire/Tmut/Pois 3%         N/A       71%         3
 Lesser Beckoning         Tloc           0%         N/A       80%         2
 Poisonous Vapours        Pois/Air       0%         N/A       80%         2
 Call Canine Familiar     Summ           0%         N/A       95%         3
 Confusing Touch          Hex            0%         N/A       95%         3
 Gell's Gravitas          Tloc           0%         N/A       95%         3
 Mephitic Cloud           Conj/Pois/Air  0%         N/A       95%         3
 Ozocubu's Armour         Ice            0%         N/A       95%         3
 Portal Projectile        Hex/Tloc       0%         N/A       95%         3
 Summon Guardian Golem    Hex/Summ       0%         N/A       95%         3
 Teleport Other           Tloc           0%         N/A       95%         3
 Vampiric Draining        Necr           0%         2d6       95%         3
 Leda's Liquefaction      Hex/Erth       0%         N/A       98%         4
 Lee's Rapid Deconstruct  Erth           1%         3d4*      99%         5
 Dispel Undead            Necr           0%         3d6       100%        4
 Sticky Flame             Conj/Fire      1%         2d3       100%        4
 Agony                    Necr           0%         N/A       100%        5
 Freezing Cloud           Conj/Ice/Air   0%         6-21      100%        5
 Metabolic Englaciation   Hex/Ice        0%         N/A       100%        5
 Dispersal                Tloc           0%         N/A       100%        6
 Simulacrum               Ice/Necr       0%         N/A       100%        6
 Statue Form              Tmut/Erth      2%         N/A       100%        6
 Ignition                 Fire           0%         3d3       100%        8


Dungeon Overview and Level Annotations

Branches:
Dungeon (15/15)            Temple (0/1) D:5            Lair (5/5) D:11
  Swamp (4/4) Lair:3       Spider (2/4) Lair:2        Slime (0/5) Lair:5
    Orc (2/2) D:11            Elf (0/3) Orc:2        Vaults (0/5) D:14
 Depths (0/4) D:15

Altars:
Dithmenos
Gozag
Kikubaaqudgha
Makhleb
Uskayaw
Xom
Zin
Jiyva

Shops:
D:6 *   D:8 :   D:14 *   Orc:1 *   Orc:2 =*([


Innate Abilities, Weirdness & Mutations

You are very nimble when in or above water. (Stealth+, EV+, Speed+++)
Your lower body shifts to a powerful aquatic tail in water.
You sometimes lose your temper in combat.
Your system is resistant to poisons. (rPois)
You are robust. (+10% HP)


Message History

Your blizzard demon closely misses the eleionoma.
The roots grasp on you weakens, but your attempt to escape fails.
The eleionoma hurls a spray of splinters at you.
The spray of wooden splinters misses you.
You block the shambling mangrove's attack.
Your blizzard demon waves its arms in wide circles.
The air twists around and strikes the eleionoma!!
The grasping roots constrict you!!
* * * LOW HITPOINT WARNING * * *
You escape the roots grasp.
The eleionoma splashes around in the water.
Roots burst forth from the earth!
The grasping roots grab you! The grasping roots constrict you!
* * * LOW HITPOINT WARNING * * *
Your blizzard demon closely misses the eleionoma.
Your blizzard demon hits the eleionoma!
The roots grasp on you weakens, but your attempt to escape fails.
The eleionoma touches a tree and draws upon its vitality.
The eleionoma is healed.
The grasping roots constrict you.
* * * LOW HITPOINT WARNING * * *
Your blizzard demon waves its arms in wide circles.
The air twists around and strikes the eleionoma!
Unknown command.
Okay, then.
You feel better.
Your blizzard demon disappears in a puff of smoke!
The eleionoma hurls a spray of splinters at you.
The spray of wooden splinters misses you.
You fade into invisibility!
The shambling mangrove completely misses you.
The grasping roots constrict you.
* * * LOW HITPOINT WARNING * * *
You block the eleionoma's attack.
The seven-headed hydra completely misses you. x2
You block the seven-headed hydra's attack.
The seven-headed hydra completely misses you.
You block the seven-headed hydra's attack.
The seven-headed hydra bites you!
You die...

♣♣~♣♣♣♣ .. ♣~.~..♣♣ ~~
♣♣♣♣♣.....~♣♣ ♣...~♣§..§~
♣♣.~♣.§~~~~~~♣ ..~~.....!~
♣♣~..♣.~~~~~.♣ .~~~~.~~~~♣
♣.~..~.~~~~§~♣ ..~~D.~~~..
♣.~~~..~~~~.♣♣ ♣~§~~~...~~
♣.~~~~~~~~~).♣♣♣ ♣......~♣~
♣§~~~§~~~..@R§~♣♣ ♣~.○°°~.
♣.~~~†~~~.~Df~~~♣ ♣.○°°..
♣.~~~§~§~.~~~~~.♣ ♣.○°°♣~
♣.~.♣~~~..~~~~~.♣♣♣♣♣.○~~°..
♣♣♣♣♣♣♣♣♣♣.....~f...♣.~~~~.~
♣♣♣♣..[~~~.♣♣~~~§~.
♣.^~§~~~.§.~~~§~
♣♣...~~~.~~~~~~~
♣...~~~.~§~~~~~


You could see 2 shambling mangroves, an eleionoma (extremely poisoned) and a
seven-headed hydra.

Vanquished Creatures
  Jorgrun (D:13)
  Rupert (D:14)
  Gastronok (Orc:1)
  A thorn hunter (Swamp:3)
  Kirke (Swamp:2)
  Roxanne (D:15)
  A stone giant (D:15)
  8 eleionomae
  Nessos (Orc:2)
  3 bunyips
  The ghost of engelados the Devastator, a journeyman DgCj (Lair:4)
  Josephine (Lair:5)
  An ice dragon (D:14)
  A rakshasa (D:15)
  A catoblepas (D:14)
  15 hydras
  A jorogumo (Spider:1)
  A centaur warrior (D:15)
  2 boulder beetles
  2 dancing weapons (D:14)
  2 ghost crabs
  5 alligators
  2 death yaks (Lair:3)
  A tengu warrior (D:15)
  3 two-headed ogres
  Urug (Lair:5)
  Amaemon (Lair:2)
  An orc high priest (Orc:1)
  A fire crab (shapeshifter) (D:13)
  5 skeletal warriors (D:14)
  Lodul (D:10)
  A pharaoh ant (Spider:1)
  5 goliath frogs
  11 swamp dragons
  A death drake (Swamp:4)
  3 lindwurms (Lair:5)
  2 bog bodies
  3 orc knights (Orc:2)
  A steelbarb worm (Spider:2)
  4 deep elf pyromancers
  2 orc sorcerers (Orc:2)
  3 will-o-the-wisps (Swamp:3)
  2 wolf spiders (Spider:1)
  2 moths of wrath
  2 manticores
  7 cyclopes
  2 black mambas
  Joseph (D:7)
  4 elephants (Lair:3)
  6 torpor snails
  2 demonic crawlers
  11 cane toads
  5 rime drakes
  A kobold demonologist (D:13)
  An unseen horror (D:11)
  2 freezing wraiths (D:14)
  6 komodo dragons
  An efreet (D:14)
  7 trolls
  12 tyrant leeches
  2 polar bears
  A wolf spider simulacrum (D:14)
  9 tarantellas
  Grinder (D:5)
  10 hornets
  3 blink frogs
  A dream sheep (Lair:3)
  2 centaur simulacra
  8 slime creatures
  6 culicivoras
  2 spriggans
  8 jumping spiders (Spider:1)
  Sigmund (D:5)
  2 wraiths (Lair:5)
  3 shadows (D:13)
  9 wyverns
  4 basilisks (D:14)
  17 yaks
  A hog (shapeshifter) (D:14)
  9 vampire mosquitoes
  A golden eye (shapeshifter) (D:15)
  16 redbacks
  Menkaure (D:5)
  3 wargs (Orc:1)
  14 swamp worms
  An acid dragon (D:10)
  13 water moccasins
  Duvessa (D:7)
  4 swamp drakes
  An ice beast (D:14)
  24 orc warriors
  2 black bears
  A black bear (shapeshifter) (D:14)
  18 ogres
  5 centaurs
  15 wolves
  7 bullfrogs
  6 kobold brigands
  A gnoll sergeant (D:11)
  A scorpion (D:4)
  Dowan (D:7)
  5 killer bees
  5 howler monkeys
  2 electric eels (D:14)
  2 hounds
  3 jellies
  12 orc priests
  2 sleepcaps
  Natasha (thrice) (D:2)
  3 iguanas
  19 orc wizards
  2 lightning spires (Swamp:3)
  10 hell rats (D:14)
  9 adders
  23 gnolls
  2 white imps
  3 ufetubi
  3 worms
  2 dart slugs (D:1)
  61 orcs
  7 bats
  14 endoplasms
  6 giant cockroaches
  10 goblins
  12 hobgoblins
  14 jackals
  26 kobolds
  2 quokkas
  11 ball pythons
  3 frilled lizards
  11 rats
700 creatures vanquished.

Vanquished Creatures (collateral kills)
  An orc warlord (Orc:2)
  A dire elephant (Lair:3)
  2 entropy weavers (Spider:1)
  Erolcha (D:9)
  2 hydras
  An ice dragon (Lair:5)
  2 alligators (Swamp:4)
  An orc high priest (Orc:2)
  A steelbarb worm (Spider:2)
  An orc knight (Orc:2)
  A wolf spider (Spider:1)
  A will-o-the-wisp (Swamp:4)
  2 elephants (Lair:3)
  2 black mambas
  3 demonic crawlers
  A cane toad (Lair:1)
  An orange demon (Lair:2)
  A kobold demonologist (D:13)
  3 torpor snails
  2 hornets
  2 tarantellas
  2 blink frogs (Lair:1)
  4 jumping spiders (Spider:1)
  2 slime creatures (D:12)
  3 yaks
  A wraith (Lair:5)
  A steam dragon (D:8)
  A basilisk (Lair:3)
  3 redbacks
  2 swamp worms (Swamp:2)
  A vampire mosquito (Swamp:3)
  2 wargs
  Edmund (D:6)
  2 water moccasins
  10 orc warriors
  3 ogres
  A wolf (Lair:1)
  A centaur (D:9)
  A gnoll sergeant (D:5)
  2 killer bees (D:7)
  2 howler monkeys
  6 orc priests
  A gnoll bouda (D:6)
  A sleepcap (D:5)
  An iguana (D:5)
  4 orc wizards
  14 gnolls
  2 adders (D:5)
  An ufetubus (D:5)
  18 orcs
  A jackal (D:5)
  3 kobolds
129 creatures vanquished.

Vanquished Creatures (others)
  An alligator (Swamp:4)
  2 humans (Swamp:2)
  A swamp drake (Swamp:2)
  A white imp (D:14)
  An ufetubus (D:14)
  2 ball lightnings (Swamp:3)
  22 foxfires (Swamp:3)
30 creatures vanquished.

Grand Total: 859 creatures vanquished

Notes
Turn   | Place    | Note
-------+----------+-------------------------------------------
     0 | D:1      | Graphine the Merfolk Gladiator began the quest for the Orb.
     0 | D:1      | Reached XP level 1. HP: 16/16 MP: 1/1
   214 | D:1      | Reached XP level 2. HP: 22/22 MP: 2/2
   411 | D:1      | Reached XP level 3. HP: 28/28 MP: 3/3
  1051 | D:2      | Found a faded altar of an unknown god.
  1055 | D:2      | Prayed at the altar of an unknown god.
  1055 | D:2      | Became a worshipper of Makhleb the Destroyer
  1055 | D:2      | Reached * piety under Makhleb
  1070 | D:2      | Reached XP level 4. HP: 27/34 MP: 4/4
  1097 | D:2      | Noticed Natasha
  1104 | D:2      | Killed Natasha
  1105 | D:2      | Reached skill level 5 in Dodging
  1105 | D:2      | Reached skill level 1 in Invocations
  1484 | D:2      | Noticed Natasha
  1488 | D:2      | Killed Natasha
  1489 | D:2      | Reached XP level 5. HP: 40/40 MP: 4/6
  1506 | D:2      | Noticed Natasha
  1516 | D:2      | Killed Natasha
  1586 | D:2      | Reached ** piety under Makhleb
  2038 | D:3      | Reached skill level 5 in Long Blades
  2110 | D:3      | Reached XP level 6. HP: 44/47 MP: 7/7
  2282 | D:3      | Reached skill level 6 in Dodging
  2295 | D:3      | Reached *** piety under Makhleb
  2573 | D:3      | Reached XP level 7. HP: 51/52 MP: 9/9
  3345 | D:4      | Reached skill level 7 in Dodging
  3971 | D:5      | Entered Level 5 of the Dungeon
  4001 | D:5      | Reached **** piety under Makhleb
  4002 | D:5      | Reached XP level 8. HP: 41/60 MP: 11/11
  4010 | D:5      | Noticed Sigmund
  4014 | D:5      | Killed Sigmund
  4018 | D:5      | Noticed Menkaure
  4025 | D:5      | Killed Menkaure
  4026 | D:5      | Reached skill level 5 in Invocations
  4073 | D:5      | Found a hide-covered altar of Uskayaw.
  4073 | D:5      | Found a glowing silver altar of Zin.
  4089 | D:5      | Reached skill level 8 in Dodging
  4109 | D:5      | Found a staircase to the Ecumenical Temple.
  4237 | D:5      | Noticed Grinder
  4251 | D:5      | Killed Grinder
  4631 | D:6      | Noticed Edmund
  4640 | D:6      | Killed Edmund
  4641 | D:6      | Reached skill level 5 in Fighting
  4641 | D:6      | Reached XP level 9. HP: 39/68 MP: 13/13
  4781 | D:6      | Identified the +8 hand axe "Wossischo" {heavy, Fly Int+5
                  | Stlth+}
  4837 | D:6      | Reached skill level 9 in Dodging
  4963 | D:6      | Found Gyfisoth's Serpentskin Sales.
  5586 | D:7      | Noticed Joseph
  5601 | D:7      | Killed Joseph
  5604 | D:7      | Reached skill level 10 in Dodging
  5690 | D:7      | Found a shadowy altar of Dithmenos.
  5692 | D:7      | Found an opulent altar of Gozag.
  5700 | D:7      | Noticed Duvessa
  5712 | D:7      | Killed Duvessa
  5780 | D:7      | Noticed Dowan
  5783 | D:7      | Killed Dowan
  5964 | D:7      | Reached XP level 10. HP: 75/76 MP: 15/15
  5965 | D:7      | Reached ***** piety under Makhleb
  6140 | D:8      | Found an ancient bone altar of Kikubaaqudgha.
  6155 | D:8      | Found Zeampaak's Book Shop.
  6862 | D:9      | Noticed a cyclops
  6869 | D:9      | Killed a cyclops
  6870 | D:9      | Reached skill level 10 in Long Blades
  6870 | D:9      | Reached skill level 11 in Dodging
  6898 | D:9      | Noticed a cyclops
  6909 | D:9      | Killed a cyclops
  6973 | D:9      | Noticed a deep elf pyromancer
  6999 | D:9      | Killed a deep elf pyromancer
  7216 | D:9      | Reached skill level 12 in Dodging
  7217 | D:9      | Noticed Erolcha
  7236 | D:9      | Killed Erolcha
  7237 | D:9      | Reached XP level 11. HP: 84/84 MP: 18/18
  7252 | D:9      | Found a burning altar of Makhleb.
  7707 | D:10     | Entered Level 10 of the Dungeon
  7707 | D:10     | Noticed Lodul
  7708 | D:10     | Noticed an Executioner
  8073 | D:10     | Found a transporter.
  8078 | D:10     | Noticed a fire crab
  8083 | D:10     | Found a transporter.
  8207 | D:10     | Reached skill level 10 in Invocations
  8217 | D:10     | Killed Lodul
  8464 | D:10     | Noticed a fire crab
  8486 | D:10     | Noticed an orc high priest
  8756 | D:10     | Noticed a sixfirhy
  8767 | D:10     | Noticed a sixfirhy
  8781 | D:10     | Noticed a soul eater
  9270 | D:11     | Noticed a two-headed ogre
  9275 | D:11     | Killed a two-headed ogre
  9276 | D:11     | Reached skill level 13 in Dodging
  9394 | D:11     | Identified the ring of Nyubezop {rPois rC- Will+ SInv}
  9456 | D:11     | Noticed a cyclops
  9466 | D:11     | Killed a cyclops
  9681 | D:11     | Noticed a boulder beetle
  9701 | D:11     | Killed a boulder beetle
  9755 | D:11     | Found a staircase to the Lair.
  9870 | D:11     | Found a staircase to the Orcish Mines.
  9941 | D:11     | Reached XP level 12. HP: 81/92 MP: 20/20
 10089 | Lair:1   | Entered Level 1 of the Lair of Beasts
 10127 | Lair:1   | Reached skill level 14 in Dodging
 11444 | Lair:2   | Found a hole to the Spider Nest.
 11566 | Lair:2   | Noticed Amaemon
 11581 | Lair:2   | Killed Amaemon
 12243 | Lair:3   | Noticed a six-headed hydra
 12257 | Lair:3   | Killed a six-headed hydra
 12260 | Lair:3   | Reached skill level 15 in Dodging
 12273 | Lair:3   | Noticed a six-headed hydra
 12273 | Lair:3   | Noticed a dire elephant
 12288 | Lair:3   | Killed a dire elephant
 12293 | Lair:3   | Killed a six-headed hydra
 12294 | Lair:3   | Reached XP level 13. HP: 32/101 MP: 22/22
 12368 | Lair:3   | Identified the staff of death "Usseyreff" {rF+ rN+ Str+3
                  | Int+3 Dex+2}
 12727 | Lair:3   | Reached skill level 16 in Dodging
 12882 | Lair:3   | Found a staircase to the Swamp.
 13400 | Lair:4   | Found a runed translucent door.
 13401 | Lair:4   | Noticed engelados's ghost (journeyman DgCj)
 13408 | Lair:4   | Reached skill level 10 in Fighting
 14219 | Lair:4   | Killed engelados's ghost
 14275 | Lair:5   | Entered Level 5 of the Lair of Beasts
 14476 | Lair:5   | Noticed Urug
 14492 | Lair:5   | Killed Urug
 14493 | Lair:5   | Reached skill level 17 in Dodging
 14556 | Lair:5   | Found a staircase to the Slime Pits.
 14556 | Lair:5   | Found a viscous altar of Jiyva.
 14597 | Lair:5   | Found a runed translucent door.
 14597 | Lair:5   | Noticed an ice dragon
 14642 | Lair:5   | Killed an ice dragon
 14814 | Lair:5   | Reached XP level 14. HP: 68/111 MP: 24/24
 14851 | Lair:5   | Identified the +5 dagger of the Riding Seeker {flame, rCorr
                  | Dex+4 SInv}
 15083 | Lair:5   | Noticed Josephine
 15095 | Lair:5   | Killed Josephine
 15757 | Spider:1 | Entered Level 1 of the Spider Nest
 15859 | Spider:1 | Reached skill level 18 in Dodging
 16111 | Spider:1 | Reached skill level 15 in Invocations
 17486 | Orc:1    | Entered Level 1 of the Orcish Mines
 17523 | Orc:1    | Reached skill level 19 in Dodging
 17660 | Orc:2    | Entered Level 2 of the Orcish Mines
 17719 | Orc:1    | Found Siduh's Overcharged Wands.
 17771 | Orc:1    | Noticed Gastronok
 17792 | Orc:1    | Killed Gastronok
 18190 | Orc:2    | Found a staircase to the Elven Halls.
 18193 | Orc:2    | Noticed Nessos
 18205 | Orc:2    | Killed Nessos
 18218 | Orc:2    | Reached XP level 15. HP: 62/122 MP: 27/27
 18362 | Orc:2    | Reached ****** piety under Makhleb
 18417 | Orc:2    | Noticed an orc warlord
 18437 | Orc:2    | Killed an orc warlord
 18438 | Orc:2    | Reached skill level 1 in Shields
 18441 | Orc:2    | Found Xorphic's General Store.
 18596 | Orc:2    | Found Lomucas's Antique Weapon Shoppe.
 18805 | Orc:2    | Found Xaareav's Antique Armour Shoppe.
 18811 | Orc:2    | Bought a warped helmet for 275 gold pieces
 18811 | Orc:2    | Identified the +0 helmet "Veth" {Str+2 Dex+6} (You bought
                  | it in a shop on level 2 of the Orcish Mines)
 18838 | Orc:2    | Bought a faintly glowing falchion for 240 gold pieces
 18838 | Orc:2    | Identified the +7 falchion "Agriw" {antimagic, Fly rElec
                  | Dex+3} (You bought it in a shop on level 2 of the Orcish
                  | Mines)
 18848 | Orc:2    | Found Jonirohe's Jewellery Shoppe.
 19495 | D:12     | Found a shimmering altar of Xom.
 19505 | D:12     | Found a shimmering altar of Xom.
 19506 | D:12     | Found a shimmering altar of Xom.
 19558 | D:12     | You fall into a shaft and drop 1 floor!
 19629 | D:13     | Noticed Jorgrun
 19652 | D:13     | HP: 5/123 [constriction (9)]
 19653 | D:13     | HP: 2/123 [constriction (9)]
 19757 | D:13     | Noticed an Executioner
 19877 | D:13     | Gained mutation: Potions are less effective at restoring
                  | your health. [a cacodemon]
 19879 | D:13     | Lost mutation: Potions are less effective at restoring your
                  | health. [potion of mutation]
 19879 | D:13     | Gained mutation: You are robust. (+10% HP) [potion of
                  | mutation]
 19879 | D:13     | Gained mutation: You sometimes lose your temper in combat.
                  | [potion of mutation]
 19879 | D:13     | Gained mutation: Your system is resistant to poisons.
                  | (rPois) [potion of mutation]
 20612 | D:13     | Killed Jorgrun
 21028 | D:14     | Noticed Rupert
 21039 | D:14     | Paralysed by Rupert for 5 turns
 21047 | D:14     | Killed Rupert
 21220 | D:14     | Reached skill level 5 in Shields
 21293 | D:14     | Found a gate to the Vaults.
 21451 | D:14     | Found Miphoth's Assorted Antiques.
 22004 | D:15     | Entered Level 15 of the Dungeon
 22355 | D:15     | Found a staircase to the Depths.
 22364 | D:15     | Reached XP level 16. HP: 140/145 MP: 28/28
 22597 | D:15     | Noticed Roxanne
 22723 | D:15     | Killed Roxanne
 23240 | Swamp:1  | Entered Level 1 of the Swamp
 23302 | Swamp:1  | Reached skill level 1 in Transmutations
 23436 | Swamp:1  | Reached skill level 1 in Spellcasting
 23447 | Swamp:1  | Reached skill level 1 in Earth Magic
 23836 | Swamp:2  | Noticed Kirke
 23845 | Swamp:2  | Killed Kirke
 24106 | Swamp:2  | Identified a scroll of acquirement
 24106 | Swamp:2  | Acquired the +6 scimitar "Amiodi" {venom, rPois rC+}
 24255 | Swamp:2  | Identified the ring of Yhen {Fire rElec rPois rN+ Int-5
                  | SInv}
 25010 | Swamp:3  | Noticed a thorn hunter
 25018 | Swamp:3  | Killed a thorn hunter
 25019 | Swamp:3  | Reached skill level 5 in Transmutations
 25404 | Swamp:4  | Entered Level 4 of the Swamp
 25622 | Swamp:4  | Reached XP level 17. HP: 74/144 MP: 30/30
 25666 | Swamp:4  | HP: 3/151 [six-headed hydra (11)]
 25813 | Swamp:4  | HP: 5/154 [constriction (5)]
 25815 | Swamp:4  | Slain by a seven-headed hydra

Illustrated notes

Levels and vault maps discovered:
D:1:      nzn_arrival_crosshair, layout_basic, chequers_serial_rivers_small_b
D:2:      layout_rooms, serial_corexii_hall, corexii_hall_statues_s,
          chequers_hall_statues_corner_a, chequers_hall_statues_y,
          chequers_hall_statues_corner_a, corexii_hall_statues_u,
          chequers_hall_statues_y, basic_ecumenical_altar, serial_bayou_ford_a,
          uniq_natasha
D:3:      lemuel_castle_with_subvaults [lemuel_castle_interior_carwin_1],
          layout_rooms, minmay_checkerbox
D:4:      layout_basic
D:5:      layout_cave_pools, gammafunk_temple_overflow_wave,
          minmay_temple_entry_proselytizer, uniq_grinder, uniq_sigmund,
          uniq_menkaure
D:6:      layout_cave_pools, minivault_5, guppyfry_shop_venom, uniq_edmund
D:7:      layout_basic, mainiacjoe_overflow_catwalk_spiral, uniq_joseph,
          uniq_duvessa
D:8:      layout_loops_ring, mainiacjoe_overflow_tiny_flanked, serial_shops,
          nicolae_shop_tiny_waterfront, kennysheep_minor_cross
D:9:      layout_big_octagon, mainiacjoe_overflow_paths, wad_mini_maze,
          uniq_erolcha
D:10:     gammafunk_wand_slinger, layout_long_grid, uniq_lodul
D:11:     layout_roguey, lair_entry_dummy,
          kennysheep_orc_monster_closet_entryway
D:12:     layout_long_grid, xom_redecorated
D:13:     layout_basic, drop_trap, uniq_jorgrun
D:14:     layout_roguey, erik_vaults_1, special_room
          [special_room_mythical_zoo], ebering_dispersal_statue_hall,
          serial_shops, nicolae_take_the_stairs, serial_ice, serial_ice_k,
          serial_ice_f, serial_ice_h, serial_ice_g,
          portal_ice_cave_entry_dragon, uniq_rupert
D:15:     grunt_enter_depths_giant_problem, layout_loops_cross,
          dreamdust_wishing_well, uniq_roxanne
Lair:1:   layout_cave_pods, hangedman_lair_unloving_vines, serial_bayou_shore_a
Lair:2:   layout_cave_pods, spider_nest_entry_web_field,
          chequers_serial_rivers_small_3, uniq_amaemon
Lair:3:   layout_regular_city, minmay_swamp_entry_reptiles, nzn_random_ring,
          lemuel_fruit_tree, grunt_megastairs_2
Lair:4:   layout_small_grid, gammafunk_ghost_grave
Lair:5:   wormcave, layout_regular_city, slime_entry_1, serial_bayou_shore_b,
          uniq_urug, uniq_josephine
Swamp:1:  layout_basic_swamp, evilmike_swamp_ruin_rubble_2
Swamp:2:  layout_basic_swamp, nicolae_swamp_dense_foliage, worms_lemuel,
          uniq_kirke
Swamp:3:  layout_basic_swamp, serial_swamp_ruin, evilmike_swamp_ruin_rubble_1,
          hangedman_swamp_ruin_wall, hangedman_swamp_phenomena
Swamp:4:  swamp, layout_basic_swamp, swamp_pool2
Spider:1: layout_spider_delve
Spider:2: layout_chambers, hangedman_spider_tarantella_strand
Orc:1:    layout_caves, nicolae_shop_overcharged_wands, uniq_gastronok
Orc:2:    grunt_orc_cross, layout_caves, statue_in_the_mist_lemuel, uniq_nessos

Skill      XL: |  1  2  3  4  5  6  7  8  9 10 11 12 13 14 15 16 17 |
---------------+----------------------------------------------------+-----
Long Blades    | 4 5 6 7 9 11 12 14 | 14.0
Dodging        | 5 6 7 8 10 12 13 15 17 19 | 19.0
Invocations    | 1 2 3 4 5 7 9 10 12 14 16 17 18 | 18.3
Fighting       | 3 4 5 6 7 8 9 10 12 13 14 | 14.4
Shields        | 6 8 |  8.1
Transmutations | 6 |  6.7
Spellcasting   | 4 |  4.5
Earth Magic    | 3 4 |  4.1
Throwing       | |  2.8

Action                     |  1- 3 |  4- 6 |  7- 9 | 10-12 | 13-15 | 16-18 || total
---------------------------+-------+-------+-------+-------+-------+-------++-------
  Melee: Long sword        |    94 |   122 |   143 |   405 |   462 |       ||  1226
         Punch             |     2 |     2 |       |       |       |       ||     4
         Tailslap          |       |     1 |     1 |     3 |     5 |   105 ||   115
         Short sword       |       |       |       |    15 |    21 |       ||    36
         Scimitar          |       |       |       |       |   811 |   501 ||  1312
         Dagger            |       |       |       |       |    81 |    89 ||   170
  Throw: Stone             |    15 |    11 |       |       |       |       ||    26
         Javelin           |     1 |     3 |     3 |       |       |       ||     7
         Throwing net      |       |       |     1 |       |     3 |       ||     4
 Invoke: Minor Destruction |       |   100 |   150 |   201 |   199 |   101 ||   751
         Lesser Servant of |       |       |     5 |    11 |    27 |     5 ||    48
         Major Destruction |       |       |       |     3 |     8 |       ||    11
         Greater Servant o |       |       |       |     1 |     4 |     1 ||     6
  Evoke: Wand              |       |       |     1 |     1 |     1 |       ||     3
         Phial of floods   |       |       |     1 |       |       |       ||     1
    Use: Scroll            |     3 |     1 |    12 |    15 |    15 |    12 ||    58
         Potion            |       |       |       |     4 |     7 |     7 ||    18
   Stab: Distracted        |       |       |     1 |     3 |    19 |     2 ||    25
         Sleeping          |       |       |     1 |     2 |     4 |     1 ||     8
         Held in net/web   |       |       |     1 |       |     1 |       ||     2
         Invisible         |       |       |       |       |    11 |       ||    11
         Confused          |       |       |       |       |       |     2 ||     2
 Armour: Leather armour    |    23 |    32 |    21 |     2 |       |       ||    78
         Steam dragon scal |       |       |       |    35 |   184 |    42 ||   261
  Dodge: Dodged            |    87 |   161 |   198 |   492 |  1800 |   754 ||  3492
  Block: Kite shield       |       |       |    11 |   221 |   895 |   469 ||  1596
